 Dungeon Crawl Stone Soup version 0.24-a0-459-g225fefd530 (webtiles) character file.

Game seed: 12060231402392703693

2448 forest the Covert (level 9, -1/45 HPs)
             Began as a Spriggan Assassin on June 29, 2019.
             Was a Follower of Dithmenos.
             Killed by divine providence
             ... invoked by an orc priest
              (10 damage)
             ... on level 7 of the Dungeon.
             The game lasted 00:27:16 (11852 turns).

forest the Covert (Spriggan Assassin)              Turns: 11852, Time: 00:27:17

Health: -1/45      AC:  4    Str:  9    XL:     9   Next: 25%
Magic:  10/10      EV: 36    Int: 15    God:    Dithmenos [*.....]
Gold:   198        SH:  0    Dex: 18    Spells: 8/8 levels left

rFire    . . .     SeeInvis +   F - +2 dagger (vamp)
rCold    . . .     Gourm    .   (shield restricted)
rNeg     . . .     Faith    .   B - +0 robe "Tohy" {rCorr Int+2}
rPois    .         Spirit   .   (helmet restricted)
rElec    .         Reflect  .   c - +1 cloak
rCorr    +         Harm     .   (gloves unavailable)
MR       +....                  (boots unavailable)
Stlth    +++++.....             z - amulet of the acrobat
HPRegen  0.15/turn              s - ring of resist corrosion
MPRegen  0.12/turn              (no ring)

@: acrobat, wreathed by umbra, very quick
A: very small, unfitting armour, see invisible, herbivore, speed 3, slow
metabolism 2
a: Renounce Religion


You were on level 7 of the Dungeon.
You worshipped Dithmenos.
Dithmenos was aware of your devotion.
You were not hungry.

You visited 2 branches of the dungeon, and saw 8 of its levels.

You collected 328 gold pieces.
You spent 130 gold pieces at shops.

Inventory:

Hand Weapons
 a - a +3 dagger
 p - a +0 rapier
 r - a +0 hunting sling
 y - a +0 rapier of flaming
 F - a +2 vampiric dagger (weapon)
Missiles
 d - 24 poisoned darts (quivered)
 e - 2 curare-tipped darts
 h - 254 stones
 i - 9 boomerangs
 j - 5 silver boomerangs
 n - 95 sling bullets
Armour
 c - a +1 cloak (worn)
 B - the +0 robe "Tohy" (worn) {rCorr Int+2}
   (You found it on level 4 of the Dungeon)

   It affects your intelligence (+2).
   It provides partial protection from all sources of acid and corrosion.
Jewellery
 s - a ring of resist corrosion (left hand)
 v - a +2 ring of intelligence
 x - a +5 ring of strength {unknown}
 z - an amulet of the acrobat (around neck)
 A - an uncursed ring of flight
Scrolls
 k - 3 scrolls of enchant armour
 l - a scroll of remove curse
 m - a scroll of fear {unknown}
 o - 2 scrolls of teleportation
 q - 5 scrolls of identify
 t - a scroll of magic mapping
Potions
 b - a potion of invisibility
 g - 4 potions of curing
 u - 3 potions of brilliance
 w - 2 potions of haste
 C - 2 potions of agility {unknown}
 D - a potion of might {unknown}
 E - 2 potions of heal wounds {unknown}
Comestibles
 f - 3 rations


   Skills:
 + Level 4.3 Fighting
 + Level 5.8 Short Blades
 + Level 8.9(9.5) Slings
 + Level 4.4(6.5) Throwing
 + Level 5.5 Dodging
 + Level 9.1 Stealth


You had 8 spell levels left.
You didn't know any spells.
Your spell library was empty.

Dungeon Overview and Level Annotations

Branches:
Dungeon (7/15)             Temple (1/1) D:5

Altars:
Ashenzari
Cheibriados
Dithmenos
Elyvilon
Fedhas
Gozag
Hepliaklqana
Kikubaaqudgha
Makhleb
Nemelex Xobeh
Qazlal
Ru
Sif Muna
Trog
Uskayaw
Vehumet
Wu Jian
Xom
Yredelemnul
Zin
The Shining One

Shops:
D:5 [   D:7 (


Innate Abilities, Weirdness & Mutations

You are very small and have problems with some larger weapons.
You are too small for most types of armour.
You have supernaturally acute eyesight. (SInv)
You are a herbivore.
You cover ground extremely quickly.
You need to consume almost no food.


Message History

The orc wizard hits you with a +0 dagger.
The orc misses you.
The orc wizard mumbles some strange words.
The orc wizard blinks!
You hit the orc priest.
You feel better.
The orc priest is moderately wounded.
The orc priest mumbles some strange prayers to Beogh against you.
Beogh smites you!
The orc wizard hits you with a +0 dagger.
You closely miss the orc priest.
The orc priest is moderately wounded.
The orc warrior hits you with a +0 short sword!
* * * LOW HITPOINT WARNING * * *
The orc misses you.
The orc priest casts a cantrip, but nothing happens.
The orc wizard casts a spell at you. The puff of flame misses you.
The orc priest mumbles some strange prayers to Beogh against you.
Beogh smites you!
You die...

#...........#
#..........##
#..........#
#...##<#.#>#
########...#
.......'...#######
########.........##
#.......o.o.......#
#.....oo≈≈≈...@<..#
#........≈......≈##
#........o.....≈≈#
#...####......≈≈.#
#### #...≈..≈..#
#...≈.....#
###.≈≈##≈≈≈ #..≈#
≈###


You could see an orc warrior, an orc priest and 2 orc wizards.

Vanquished Creatures
  Pikel (D:4)
  A water moccasin (D:5)
  A slave (D:4)
  An orc warrior (D:6)
  2 ice beasts (D:6)
  A phantom (D:4)
  2 ogres
  2 centaurs (D:5)
  2 bullfrogs (D:5)
  4 scorpions
  A water moccasin skeleton (D:4)
  2 crimson imps (D:5)
  A bullfrog zombie (D:5)
  A gnoll shaman (D:5)
  A centaur skeleton (D:5)
  A hound (D:7)
  6 orc wizards
  An orc priest (D:5)
  A jelly (D:5)
  2 worker ants
  An iguana (D:6)
  2 worker ant zombies (D:5)
  12 adders
  5 gnolls
  2 shadow imps
  2 oozes
  3 adder skeletons
  4 worms (D:2)
  3 dart slugs
  5 leopard geckos
  16 orcs
  2 ball pythons
  6 giant cockroaches
  7 goblins
  3 hobgoblins
  6 quokkas
  11 bats
  3 frilled lizards
  8 kobolds
  A quokka skeleton (D:6)
  8 rats
144 creatures vanquished.

Notes
Turn   | Place    | Note
-------+----------+-------------------------------------------
     0 | D:1      | forest the Spriggan Assassin began the quest for the Orb.
     0 | D:1      | Reached XP level 1. HP: 10/10 MP: 2/2
    23 | D:1      | Reached skill level 6 in Stealth
   390 | D:1      | Reached XP level 2. HP: 15/15 MP: 3/3
  1173 | D:2      | Reached XP level 3. HP: 10/18 MP: 4/4
  1666 | D:2      | Reached skill level 7 in Stealth
  1830 | D:2      | Reached XP level 4. HP: 23/23 MP: 5/5
  2717 | D:3      | Reached skill level 8 in Stealth
  2717 | D:3      | Reached XP level 5. HP: 26/26 MP: 6/6
  3020 | D:3      | Reached skill level 1 in Slings
  3061 | D:3      | Found a stormy altar of Qazlal.
  4019 | D:4      | Noticed an ogre
  4071 | D:3      | Killed an ogre
  4071 | D:3      | Reached XP level 6. HP: 30/30 MP: 7/7
  4927 | D:4      | Got a heavily jewelled robe
  4968 | D:4      | Identified the +0 robe "Tohy" {rCorr Int+2} (You found it
                  | on level 4 of the Dungeon)
  5060 | D:4      | Noticed Pikel
  5060 | D:4      | Noticed a slave
  5060 | D:4      | Noticed a slave
  5060 | D:4      | Noticed a slave
  5183 | D:4      | Noticed a slave
  5294 | D:4      | Killed a slave
  5890 | D:4      | Killed Pikel
  5890 | D:4      | Reached XP level 7. HP: 28/36 MP: 8/8
  6270 | D:4      | Reached XP level 8. HP: 31/40 MP: 9/9
  6526 | D:4      | Found a blossoming altar of Fedhas.
  6527 | D:4      | Found an opulent altar of Gozag.
  6621 | D:5      | Entered Level 5 of the Dungeon
  7269 | D:5      | Found Kocotinn's Antique Armour Emporium.
  7355 | D:5      | Found a staircase to the Ecumenical Temple.
  7362 | Temple   | Entered the Ecumenical Temple
  7525 | Temple   | Became a worshipper of Dithmenos the Shadowed
  8032 | D:4      | Reached skill level 5 in Short Blades
  9666 | D:5      | Reached skill level 5 in Dodging
 10343 | D:5      | Reached XP level 9. HP: 18/45 MP: 10/10
 11054 | D:6      | Reached * piety under Dithmenos
 11299 | D:6      | Found a burning altar of Makhleb.
 11326 | D:6      | Found a glowing silver altar of Zin.
 11326 | D:6      | Noticed an angel
 11326 | D:6      | Noticed a blizzard demon
 11706 | D:7      | Found Urengol's Antique Weapon Boutique.
 11714 | D:7      | Bought a glowing dagger for 130 gold pieces
 11733 | D:7      | Reached skill level 9 in Stealth
 11852 | D:7      | Killed from afar by an orc priest

Levels and vault maps discovered:
D:1:      mrwooster_arrival_statue_3, layout_loops_ring
D:2:      minmay_razor_zed, layout_basic, serial_curves, eino_curves_01,
          eino_curves_04
D:3:      layout_basic, marbit_many_paths, first_ration, minmay_door_square
D:4:      layout_loops_corners, nicolae_overflow_hidden_temple, uniq_pikel
D:5:      layout_cave_pods, minmay_temple_entry_drinking_statues, serial_shops,
          nicolae_shop_waterfront, minmay_checkerbox
D:6:      minmay_cornered_nines, layout_layer_cave,
          grunt_temple_overflow_order_and_chaos_2, serial_glass,
          glass_columns_a, glass_columns_b, glass_columns_c, glass_columns_a,
          glass_columns_a, glass_columns_c, glass_columns_a, glass_columns_b,
          due_unseen_surprise, minmay_strange_pillars
D:7:      layout_basic, serial_shops, shop, chequers_serial_rivers_small_b
Temple:   regret_index_temple_sphere_string

Skill      XL: |  1  2  3  4  5  6  7  8  9 |
---------------+----------------------------+-----
Stealth        | 6 7 8 9 |  9.1
Fighting       | 2 3 4 |  4.3
Dodging        | 2 3 4 5 |  5.5
Short Blades   | 3 4 5 |  5.8
Slings         | 3 6 8 |  8.9
Throwing       | 3 4 |  4.4

Action                   |  1- 3 |  4- 6 |  7- 9 || total
-------------------------+-------+-------+-------++-------
Melee: Dagger            |   110 |   142 |   106 ||   358
       Rapier            |       |       |   194 ||   194
 Fire: Hunting sling     |       |   141 |   174 ||   315
Throw: Dart              |    10 |    41 |    33 ||    84
  Use: Scroll            |       |    12 |     2 ||    14
       Potion            |       |       |     1 ||     1
 Stab: Sleeping          |    14 |    14 |    10 ||    38
       Distracted        |       |       |     1 ||     1
  Eat: Ration            |       |     1 |     3 ||     4
Armor: Robe              |    17 |    10 |    31 ||    58
Dodge: Dodged            |    98 |   107 |   328 ||   533

Table legend:
 A = Non-vault XP
 B = Vault XP
 C = Vault XP percentage of total XP
 D = Non-vault monster count
 E = Vault monster count
 F = Vault count percentage of total count
                 A         B        C        D         E       F
            +---------+---------+-------+---------+---------+-------
      Total |    2288 |    1210 |  34.6 |     119 |      24 |  16.8
            +---------+---------+-------+---------+---------+-------
        D:1 |      31 |       0 |   0.0 |      19 |       0 |   0.0
        D:2 |      59 |      50 |  45.9 |      12 |      15 |  55.6
        D:3 |     274 |       4 |   1.4 |      28 |       1 |   3.4
        D:4 |     508 |     663 |  56.6 |      14 |       1 |   6.7
        D:5 |     961 |     277 |  22.4 |      31 |       4 |  11.4
        D:6 |     400 |     216 |  35.1 |      12 |       3 |  20.0
        D:7 |      55 |       0 |   0.0 |       3 |       0 |   0.0
            +---------+---------+-------+---------+---------+-------
